 Dungeon Crawl Stone Soup version 0.21-a0-513-gdcb3f5e (webtiles) character file.

5221 Kilingo the Carver (level 10, -7/129 HPs)
             Began as a White Draconian Berserker on Nov 24, 2017.
             Was an Elder of Trog.
             Mangled by a two-headed ogre
             ... wielding a +0 giant club
              (30 damage)
             ... on level 8 of the Dungeon on Dec 3, 2017.
             The game lasted 01:21:39 (8089 turns).

Kilingo the Carver (White Draconian Berserker)      Turns: 8089, Time: 01:21:39

Health: -7/129     AC: 11    Str: 25    XL:     10   Next: 35%
Magic:  11/11      EV: 17    Int:  7    God:    Trog [****..]
Gold:   439        SH:  0    Dex: 14    Spells: 9/9 levels left

rFire    + . .     SeeInvis .   a - +2 falchion
rCold    . . .     Gourm    .   (no shield)
rNeg     . . .     Faith    .   (armour unavailable)
rPois    .         Spirit   .   (helmet restricted)
rElec    .         Reflect  .   x - +0 cloak
rCorr    .         Harm     .   C - +1 pair of gloves
MR       +....                  e - +0 pair of boots
Stlth    ..........             (no amulet)
HPRegen  0.31/turn              v - ring of fire
MPRegen  0.12/turn              l - ring of protection from magic

@: berserking, short of breath, very quick
A: breathe frost, unfitting armour, cold resistance 1, cold-blooded, AC +7
a: Breathe Frost, Berserk, Trog's Hand, Brothers in Arms, Burn Spellbooks,
Renounce Religion


You were on level 8 of the Dungeon.
You worshipped Trog.
Trog was greatly pleased with you.
You were near starving.

You visited 2 branches of the dungeon, and saw 9 of its levels.

You collected 439 gold pieces.

Inventory:

Hand Weapons
 a - a +2 falchion (weapon)
 k - a +1 rapier
 o - a +1 mace of protection
 A - a +2 dire flail of crushing
Missiles
 i - 2 throwing nets
 E - 10 tomahawks (quivered)
 G - 19 sling bullets
Armour
 e - a +0 pair of boots (worn)
 x - a +0 cloak (worn)
 C - a +1 pair of gloves (worn)
Jewellery
 l - a ring of protection from magic (right hand)
 v - a ring of fire (left hand)
 J - an uncursed ring of positive energy
Wands
 y - a wand of flame (7)
 z - a wand of enslavement (11)
Scrolls
 c - a scroll of vulnerability
 n - a scroll of fog
 q - a scroll of teleportation
 s - a scroll of immolation
 w - 4 scrolls of remove curse
 D - a scroll of magic mapping {unknown}
 F - a scroll of blinking {unknown}
 H - a scroll of enchant armour
Potions
 d - 2 potions of haste
 g - 3 potions of lignification
 j - a potion of heal wounds
 m - 3 potions of curing
 p - a potion of flight {unknown}
 t - a potion of might
 u - a potion of agility {unknown}
 B - a potion of cancellation
 K - a potion of invisibility
Comestibles
 b - a bread ration
 f - 3 meat rations
 r - 8 chunks of flesh


   Skills:
 + Level 7.6 Fighting
 + Level 6.0(8.3) Short Blades
 + Level 9.0(9.7) Long Blades
 + Level 0.1 Throwing
 + Level 7.6 Dodging
 + Level 5.0 Stealth
 + Level 2.0 Evocations


You had 9 spell levels left.
You didn't know any spells.

Dungeon Overview and Level Annotations

Branches:
Dungeon (8/15)             Temple (1/1) D:4
   Lair: D:8-11

Altars:
Cheibriados
Dithmenos
Elyvilon
Fedhas
Gozag
Hepliaklqana
Kikubaaqudgha
Qazlal
Ru
Sif Muna
Trog
Vehumet
Yredelemnul


Innate Abilities, Weirdness & Mutations

You can breathe waves of freezing cold.
You can buffet flying creatures when you breathe cold.
Your icy white scales are hard. (AC +7)
You cannot fit into any form of body armour.
Your flesh is cold resistant. (rC+)
You are cold-blooded and may be slowed by cold attacks.


Message History

You exhale a wave of freezing cold.
The freezing breath hits the two-headed ogre.
The two-headed ogre is heavily wounded.
The freezing breath misses the phantom.
You are feeling hungry.
The two-headed ogre barely misses you.
The two-headed ogre hits you with a dire flail!
* * * LOW HITPOINT WARNING * * *
A red film seems to cover your vision as you go berserk!
You feel yourself moving faster!
You feel mighty!
You are feeling very hungry.
The phantom blinks!
The two-headed ogre closely misses you. x2
Wield which item (- for none, * to show all)? (? for menu, Esc to quit)
a - a +2 falchion (weapon)
You feel a strong urge to attack something.
You slash the two-headed ogre! You tail-slap the two-headed ogre!
The two-headed ogre is almost dead.
You are near starving!
The two-headed ogre hits you with a giant club!!
You die...

##...###.##########
.........#... .#
##......##.#####.#
#....<..........#
####............#
#..............#
#.#......)..##.#
#)#####..O..# #
#.[..W...@..#
###.........#
#......####
#......# #......#
#......# ########


You could see a two-headed ogre and a phantom.

Vanquished Creatures
  2 two-headed ogres (D:8)
  Pikel (D:7)
  A hippogriff (D:7)
  Eustachio (D:5)
  A hungry ghost (D:8)
  Edmund (D:4)
  Menkaure (D:7)
  A soldier ant (D:7)
  A black bear (D:6)
  2 orc warriors
  2 sky beasts
  2 phantoms
  A necrophage (D:5)
  3 bullfrogs
  A gnoll sergeant (D:6)
  A water moccasin zombie (D:7)
  2 scorpions
  A water moccasin skeleton (D:3)
  3 wights (D:6)
  A bullfrog zombie (D:5)
  5 hounds
  3 crimson imps
  A gnoll shaman (D:7)
  2 orc priests
  10 orc wizards
  An iguana (D:4)
  Ijyb (D:4)
  7 worker ants
  A hound skeleton (D:6)
  17 gnolls
  9 adders
  A shadow imp (D:8)
  3 oozes
  An adder skeleton (D:5)
  2 worms (D:2)
  4 dart slugs
  3 leopard geckos
  31 orcs
  5 bats
  A giant cockroach (D:5)
  3 goblins
  8 hobgoblins
  3 jackals (D:4)
  3 quokkas
  3 ball pythons
  A frilled lizard (D:1)
  6 kobolds
  5 rats
169 creatures vanquished.

Vanquished Creatures (collateral kills)
  A wight (D:6)
  An adder (D:5)
2 creatures vanquished.

Vanquished Creatures (others)
  A black bear (D:7)
  A gnoll sergeant (D:7)
  A howler monkey (D:5)
  A wight (D:6)
4 creatures vanquished.

Grand Total: 175 creatures vanquished

Notes
Turn   | Place    | Note
-------+----------+-------------------------------------------
     0 | D:1      | Kilingo the Draconian Berserker began the quest for the Orb.
     0 | D:1      | Reached XP level 1. HP: 19/19 MP: 1/1
    90 | D:1      | Reached XP level 2. HP: 21/26 MP: 2/2
   311 | D:1      | Reached XP level 3. HP: 29/33 MP: 3/3
  1163 | D:2      | Found a basalt altar of Yredelemnul.
  1179 | D:2      | Reached XP level 4. HP: 26/40 MP: 4/4
  1569 | D:3      | Reached skill level 4 in Long Blades
  1884 | D:3      | Reached ** piety under Trog
  1977 | D:3      | Reached XP level 5. HP: 14/47 MP: 5/5
  2667 | D:4      | Noticed Ijyb
  2696 | D:4      | Killed Ijyb
  2973 | D:4      | Reached skill level 1 in Stealth
  3043 | D:4      | Found a radiant altar of Vehumet.
  3145 | D:4      | Found a staircase to the Ecumenical Temple.
  3162 | D:4      | Noticed Edmund
  3178 | D:4      | Reached skill level 5 in Long Blades
  3185 | D:4      | Killed Edmund
  3185 | D:4      | Reached XP level 6. HP: 19/55 MP: 6/6
  3412 | D:4      | Reached skill level 5 in Fighting
  3449 | Temple   | Entered the Ecumenical Temple
  3493 | D:4      | Upgraded the game from 0.21-a0-498-g1b60429 to 0.21-a0-513-gdcb3f5e
  3817 | D:4      | Your scales start taking on an icy white colour.
  3817 | D:4      | Reached XP level 7. HP: 58/61 MP: 7/7
  3817 | D:4      | Gained mutation: Your flesh is cold resistant. (rC+) [White Draconian growth]
  3856 | D:5      | Entered Level 5 of the Dungeon
  3993 | D:5      | Found an ancient bone altar of Kikubaaqudgha.
  4013 | D:5      | Reached skill level 6 in Long Blades
  4048 | D:5      | Found a blossoming altar of Fedhas.
  4062 | D:5      | Noticed Eustachio
  4281 | D:5      | Killed Eustachio
  4281 | D:5      | Reached skill level 7 in Long Blades
  4510 | D:5      | Reached XP level 8. HP: 61/67 MP: 8/8
  4588 | D:5      | Found a shadowy altar of Dithmenos.
  4717 | D:5      | You fall through a shaft for 2 floors!
  4909 | D:6      | Reached skill level 1 in Short Blades
  5244 | D:6      | Reached skill level 5 in Dodging
  5711 | D:6      | Reached skill level 1 in Evocations
  5745 | D:6      | Reached *** piety under Trog
  5948 | D:6      | Found a stormy altar of Qazlal.
  6204 | D:7      | Reached XP level 9. HP: 45/75 MP: 9/9
  6418 | D:7      | Reached skill level 5 in Short Blades
  7195 | D:7      | Noticed Pikel
  7202 | D:7      | Noticed Menkaure
  7204 | D:7      | Killed Pikel
  7204 | D:7      | Reached skill level 8 in Long Blades
  7209 | D:7      | Killed Menkaure
  7622 | D:8      | Noticed a two-headed ogre
  7645 | D:8      | Killed a two-headed ogre
  7645 | D:8      | Reached XP level 10. HP: 39/86 MP: 11/11
  7921 | D:8      | Noticed a two-headed ogre
  7937 | D:8      | Killed a two-headed ogre
  7937 | D:8      | Reached skill level 9 in Long Blades
  7971 | D:8      | Reached **** piety under Trog
  8066 | D:8      | Reached skill level 5 in Stealth
  8081 | D:8      | Noticed a two-headed ogre
  8089 | D:8      | Mangled by a two-headed ogre

Vault maps used:
D:1:      tarquinn_simple_flora_water_d
D:2:      yredelemnul_altar_generic
D:3:      kennysheep_big_flooded_room
D:4:      cheibrodos_quashed, minmay_temple_entry_statues,
          vehumet_altar_wand_db, uniq_edmund, uniq_ijyb
D:5:      grunt_temple_overflow_growth_and_decay, overflow_temple_1_default,
          first_bread, uniq_eustachio
D:6:      kennysheep_mini_moat
D:7:      uniq_pikel, uniq_menkaure
Temple:   eino_temple_rhombus

Skill      XL: |  1  2  3  4  5  6  7  8  9 10 |
---------------+-------------------------------+-----
Dodging        | 3 4 5 7 |  7.6
Fighting       | 4 5 6 7 |  7.6
Long Blades    | 4 5 7 8 9 |  9.0
Stealth        | 1 2 3 4 5 |  5.0
Short Blades   | 4 5 6 |  6.0
Evocations     | 1 2 |  2.0
Throwing       | |  0.1

Action                   |  1- 3 |  4- 6 |  7- 9 | 10-12 || total
-------------------------+-------+-------+-------+-------++-------
Melee: Falchion          |    80 |   175 |   254 |    15 ||   524
       Tailslap          |     9 |    32 |    89 |     7 ||   137
       Rapier            |       |       |   230 |    34 ||   264
Throw: Tomahawk          |       |       |     3 |     1 ||     4
Invok: Berserk           |     1 |     6 |     7 |     1 ||    15
       Trog's Hand       |       |       |     5 |     1 ||     6
 Abil: Breathe Frost     |       |       |       |     2 ||     2
Evoke: Wand              |       |       |    20 |     7 ||    27
  Use: Scroll            |     2 |     5 |     7 |     5 ||    19
       Potion            |     1 |     2 |     7 |       ||    10
 Stab: Sleeping          |       |     1 |     4 |       ||     5
  Eat: Chunk             |     2 |    11 |    10 |     3 ||    26
       Fruit             |       |     4 |     2 |       ||     6
       Royal jelly       |       |       |     2 |       ||     2
       Bread ration      |       |       |     1 |       ||     1
Armor: Skin              |    19 |    48 |   152 |     9 ||   228
Dodge: Dodged            |    42 |   100 |   371 |    34 ||   547
       Rpst.: Falchion   |     8 |    31 |    69 |     2 ||   110

Table legend:
 A = Spawn XP
 B = Non-spawn XP
 C = Spawn XP percentage of total XP
 D = Spawn monster count
 E = Non-spawn monster count
 F = Spawn count percentage of total count
 G = Total turns spent on level
                    A         B        C        D         E        F      G
               +---------+---------+-------+---------+---------+-------+---------
         Total |       0 |    7459 |   0.0 |       0 |     173 |   0.0 |  8089
               +---------+---------+-------+---------+---------+-------+---------
           D:1 |       0 |      49 |   0.0 |       0 |      16 |   0.0 |   628
           D:2 |       0 |      58 |   0.0 |       0 |      17 |   0.0 |   821
           D:3 |       0 |     158 |   0.0 |       0 |      15 |   0.0 |  1491
           D:4 |       0 |     468 |   0.0 |       0 |      22 |   0.0 |   919
           D:5 |       0 |     699 |   0.0 |       0 |      27 |   0.0 |  1010
           D:6 |       0 |    1139 |   0.0 |       0 |      21 |   0.0 |  1169
           D:7 |       0 |    2424 |   0.0 |       0 |      36 |   0.0 |  1463
           D:8 |       0 |    2464 |   0.0 |       0 |      19 |   0.0 |   574
               +---------+---------+-------+---------+---------+-------+---------
